 Dungeon Crawl Stone Soup version 0.30-a0-596-g0af90f9a20 (webtiles) character file.

Game seed: 16455051774699438596

30 Demosthentine the Ducker (level 3, -3/28 HPs)
             Began as a Demonspawn Gladiator on Jan 6, 2023.
             Slain by a gnoll
             ... wielding a +0 club
              (8 damage)
             ... on level 2 of the Dungeon.
             The game lasted 00:01:10 (1190 turns).

Demosthentine the Ducker (Demonspawn Gladiator)     Turns: 1190, Time: 00:01:10

Health: -3/28      AC:  4    Str: 14    XL:     3   Next: 3%
Magic:  3/3        EV: 12    Int:  9    God:
Gold:   29         SH:  0    Dex: 16    Spells: 2/2 levels left

rFire   . . .      SeeInvis .    (no weapon)
rCold   . . .      Faith    .    (no shield)
rNeg    . . .      Spirit   .    b - +0 leather armour
rPois   .          Reflect  .    c - +0 helmet
rElec   .          Harm     .    (no cloak)
rCorr   .          Rampage  .    (no gloves)
Will    .....                    (no boots)
Stlth   +                        (no amulet)
HPRegen 0.24/turn                (no ring)
MPRegen 0.08/turn                (no ring)

@: no status effects
A: claws 1
a: no special abilities


You were on level 2 of the Dungeon.
You visited 1 branch of the dungeon, and saw 2 of its levels.

You collected 29 gold pieces.

Inventory:

Missiles
 d - 3 throwing nets (quivered)
 e - a javelin
Armour
 b - a +0 leather armour (worn)
 c - a +0 helmet (worn)
 l - a +0 pair of gloves
Scrolls
 k - a scroll of fear {unknown}
Potions
 a - a potion of lignification
 f - a potion of resistance
 g - 2 potions of heal wounds {unknown}
 h - a potion of attraction {unknown}
 i - a potion of magic {unknown}
 j - a potion of curing {unknown}


   Skills:
 + Level 2.4 Fighting
 - Level 2.9 Polearms
 - Level 1.7 Throwing
 + Level 1.0 Armour
 + Level 3.0 Dodging
 + Level 0.3 Unarmed Combat


You had 2 spell levels left.
You didn't know any spells.
Your spell library contained the following spells:

 Spells                   Type           Power      Damage    Failure   Level
 Kiss of Death            Conj/Necr      0%         2d5       45%         1
 Confusing Touch          Hex            0%         N/A       83%         3
 Dispel Undead            Necr           0%         3d6       99%         4


Dungeon Overview and Level Annotations

Branches:
Dungeon (2/15)

Altars:


Innate Abilities, Weirdness & Mutations

You have sharp fingernails.


Message History

No target in view! 2 gnolls come into view.
The gnoll shouts!
You hear a shout!
A gnoll comes into view. It is wielding a +0 club.
The gnoll moves out of view.
A gnoll comes into view. It is wielding a +0 club.
The gnoll barely misses you.
A goblin comes into view. It is wielding a +1 dagger of venom.
There are monsters nearby!
Unknown command.
You barely miss the gnoll.
The gnoll shouts!
You hear a shout! x2
The gnoll closely misses you.
You scratch the gnoll.
The gnoll is lightly wounded.
The gnoll hits you with a +0 spear.
You completely miss the gnoll.
The gnoll is lightly wounded.
Found 6 gold pieces.
The gnoll hits you with a +0 club. The gnoll hits you with a +0 spear.
Unknown command.
The gnoll barely misses you.
Unknown command.
The gnoll hits you from afar with a +0 spear!
Unknown command.
You see here a +0 pair of gloves.
l - a +0 pair of gloves The gnoll closely misses you.
The gnoll attacks as you move away! The gnoll hits you with a +0 club.
The gnoll attacks as you move away! The gnoll hits you with a +0 club.
The gnoll attacks as you move away! The gnoll hits you with a +0 club.
* * * LOW HITPOINT WARNING * * *
The gnoll attacks as you move away! The gnoll hits you with a +0 club.
* * * LOW HITPOINT WARNING * * *
The gnoll attacks as you move away! The gnoll hits you with a +0 club.
* * * LOW HITPOINT WARNING * * *
There is a stone staircase leading up here.
You can't go down here!
The gnoll hits you with a +0 club!
You die...

#########..g####.#
# #### ##......#
.#### ......
#####.###....
#####. ##g#..# #
##.# #g# #g# #g#
## .##########@#
.. ............#.#
.#########....#
#.#.....<.
#.#..####. #.#..#
#.#..# .....#
..#.##


You could see 3 gnolls and a goblin.

Vanquished Creatures
  3 bats
  3 endoplasms (D:1)
  A giant cockroach (D:1)
  2 hobgoblins
  3 jackals (D:1)
  4 kobolds (D:1)
  3 quokkas
  2 ball pythons
  A frilled lizard (D:1)
  2 goblins (D:1)
  A rat (D:1)
25 creatures vanquished.

Notes
Turn   | Place    | Note
-------+----------+-------------------------------------------
     0 | D:1      | Demosthentine the Demonspawn Gladiator began the quest for
                  | the Orb.
     0 | D:1      | Reached XP level 1. HP: 16/16 MP: 1/1
   247 | D:1      | Gained mutation: You have sharp fingernails. [demonic
                  | ancestry]
   247 | D:1      | Reached XP level 2. HP: 22/22 MP: 2/2
   764 | D:1      | Reached skill level 1 in Armour
   764 | D:1      | Reached skill level 3 in Dodging
  1046 | D:2      | Reached XP level 3. HP: 10/28 MP: 3/3
  1190 | D:2      | Slain by a gnoll

Illustrated notes

Levels and vault maps discovered:
D:1:      dpeg_arrival_tiny_e, layout_loops_ring, serial_rivers,
          chequers_serial_rivers_small_3, chequers_serial_rivers_small_3,
          chequers_serial_rivers_micro_e, chequers_serial_rivers_micro_b,
          nrook_loot_triangle
D:2:      layout_loops_ring, nicolae_shop_unique_rings

Skill      XL: |  1  2 |
---------------+-------+-----
Armour         | 1 |  1.0
Dodging        | 3 |  3.0
Fighting       | |  2.4
Polearms       | |  2.9
Throwing       | |  1.7
Unarmed Combat | |  0.3

Action                   || total
-------------------------++-------
Melee: Trident           ||    33
       Unarmed           ||    59
  Use: Scroll            ||     4
 Stab: Sleeping          ||     1
Armor: Leather armour    ||    30
Dodge: Dodged            ||    80

Table legend: (Time is in decaauts)
 A = Elapsed time spent in this place.
 B = Non-inter-level travel time spent in this place.
 C = Inter-level travel time spent in this place.
 D = Time resting spent in this place.
 E = Time spent auto-exploring this place.
 F = Levels seen in this place.
 G = Mean time per level.
                   A        B        C        D        E       F      G
               +--------+--------+--------+--------+--------+-----+--------+
         Total |   1200 |   1190 |     10 |     74 |    894 |   2 |  600.0 |
       Dungeon |   1200 |   1190 |     10 |     74 |    894 |   2 |  600.0 |
               +--------+--------+--------+--------+--------+-----+--------+

Top non-repeatable levels by time:
     D:1: 1007 daAuts
     D:2: 192 daAuts
